 Dungeon Crawl Stone Soup version 0.32-a0-534-ga61f84b8bd (webtiles) character file.

Game seed: 12734036092026735432

7411 vnsknbfn the Blocker (level 10, -1/93 HPs)
             Began as a Minotaur Fighter on Feb 28, 2024.
             Slain by a 12-headed hydra (12 damage)
             ... on level 8 of the Dungeon.
             The game lasted 00:15:42 (7455 turns).

vnsknbfn the Blocker (Minotaur Fighter)             Turns: 7455, Time: 00:15:42

Health: -1/93      AC: 19    Str: 26    XL:     10   Next: 92%
Magic:  9/9        EV: 11    Int:  5    God:
Gold:   534        SH: 11    Dex:  9    Spells: 9/9 levels left

rFire   . . .        a - +1 war axe
rCold   . . .        c - +0 buckler
rNeg    . . .        l - +0 chain mail
rPois   .            m - +2 hat
rElec   .            (no cloak)
rCorr   .            z - +2 pair of gloves
SInv    .            j - +1 pair of boots
Will    .....        x - amulet of reflection Stlth
                     y - ring of flight
HPRegen 0.35/turn    (no ring)
MPRegen 0.11/turn

%: reflection
@: mighty, flying, hasted, very quick
A: horns 2, retaliatory headbutt
a: no special abilities


You were on level 8 of the Dungeon.
You visited 2 branches of the dungeon, and saw 9 of its levels.
You also visited: Sewer.

You collected 534 gold pieces.

Inventory:

Hand Weapons
 a - a +1 war axe (weapon)
Missiles
 r - a throwing net (quivered)
Armour
 c - a +0 buckler (worn)
 j - a +1 pair of boots (worn)
 l - a +0 chain mail (worn)
 m - a +2 hat (worn)
 z - a +2 pair of gloves (worn)
Jewellery
 p - a ring of ice
 x - an amulet of reflection (around neck)
 y - a ring of flight (left hand)
Wands
 f - a wand of mindburst (6)
 o - a wand of quicksilver (12)
Scrolls
 h - 2 scrolls of fog
 t - 2 scrolls of teleportation
 B - 2 scrolls of fear
Potions
 b - a potion of magic
 e - 2 potions of enlightenment
 g - 5 potions of curing
 i - a potion of haste
 k - a potion of lignification {unknown}
 n - a potion of berserk rage {unknown}
 q - a potion of attraction {unknown}
 s - a potion of resistance
 u - a potion of cancellation {unknown}
 v - a potion of heal wounds {unknown}
 w - 3 potions of invisibility {unknown}
 A - a potion of mutation {unknown}


   Skills:
 + Level 9.8 Fighting
 + Level 9.4 Axes
 + Level 9.8 Armour
 + Level 8.1 Dodging
 + Level 9.8 Shields


You had 9 spell levels left.
You didn't know any spells.
Your spell library contained the following spells:

 Spells                   Type           Power      Damage    Failure   Level
 Call Imp                 Summ           0%         N/A       98%         2
 Mercury Vapours          Alch/Air       0%         N/A       98%         2
 Static Discharge         Conj/Air       0%         3-3/arc   98%         2
 Sublimation of Blood     Necr           0%         N/A       98%         2
 Ozocubu's Armour         Ice            0%         N/A       100%        3
 Stone Arrow              Conj/Erth      0%         3d7       100%        3
 Airstrike                Air            0%         2d(0-16)  100%        4
 Animate Armour           Summ/Erth      0%         N/A       100%        4
 Leda's Liquefaction      Alch/Erth      0%         N/A       100%        4
 Petrify                  Alch/Erth      0%         N/A       100%        4
 Summon Lightning Spire   Summ/Air       0%         N/A       100%        4
 Metabolic Englaciation   Hex/Ice        0%         N/A       100%        5
 Sculpt Simulacrum        Ice/Alch       0%         N/A       100%        6
 Summon Hydra             Summ           0%         N/A       100%        7
 Lehudib's Crystal Spear  Conj/Erth      0%         10d2      100%        8


Dungeon Overview and Level Annotations

Branches:
Dungeon (8/15)             Temple (1/1) D:5           Sewer (visited)
   Lair: D:8-11

Altars:
Ashenzari
Cheibriados
Dithmenos
Elyvilon
Fedhas
Gozag
Hepliaklqana
Kikubaaqudgha
Makhleb
Nemelex Xobeh
Qazlal
Ru
Sif Muna
Trog
Uskayaw
Vehumet
Wu Jian
Xom
Yredelemnul
Zin
The Shining One


Innate Abilities, Weirdness & Mutations

You have a pair of horns on your head.
You reflexively headbutt those who attack you in melee.


Message History

You block the ten-headed hydra's attack.
The ten-headed hydra barely misses you.
You block the ten-headed hydra's attack.
The ten-headed hydra bites you! x2
The ten-headed hydra closely misses you.
You are too injured to fight recklessly!
Unknown command.
You are too injured to fight recklessly!
Unknown command.
Unknown command.
You are too injured to fight recklessly!
Unknown command.
You are too injured to fight recklessly!
Unknown command.
You slice one of the ten-headed hydra's heads off!
The nine-headed hydra grows two more!
You slice the 11-headed hydra!!
The 11-headed hydra is almost dead.
The 11-headed hydra bites you but does no damage.
The 11-headed hydra misses you. x2; You block the 11-headed hydra's attack.
The 11-headed hydra bites you but does no damage.
You block the 11-headed hydra's attack. The 11-headed hydra bites you.
* * * LOW HITPOINT WARNING * * *
The 11-headed hydra misses you. The 11-headed hydra bites you.
* * * LOW HITPOINT WARNING * * *
The 11-headed hydra barely misses you.
The 11-headed hydra bites you but does no damage.
You hack one of the 11-headed hydra's heads off!
The ten-headed hydra grows two more!
You slash the 12-headed hydra!
The 12-headed hydra is almost dead.
The 12-headed hydra completely misses you.
The 12-headed hydra closely misses you. The 12-headed hydra barely misses you.
The 12-headed hydra bites you but does no damage.
The 12-headed hydra bites you.
* * * LOW HITPOINT WARNING * * *
The 12-headed hydra bites you but does no damage.
The 12-headed hydra bites you.
* * * LOW HITPOINT WARNING * * *
The 12-headed hydra bites you but does no damage.
You block the 12-headed hydra's attack. x2; The 12-headed hydra bites you!
You die...

..###....###....####..#.#..##.#..
....###....###....##..#.##)#..#..
##...}###...|###...#..#..##..##..
....###....###........##...###..#
..###....###....####...####...###
###....###....#### ###......#.#
#....###....###..# ########'##
...###....###....# ##...##
.###....###....#@#### ##.....#
##....###....###D##.## ##...(...
....###....###..c#...####........
.........###}....#......'........
##################...####........
#.......# #.#.## ##.......
####.#### ##.### ##....)# #.#
#..# ##...## #.# #.## ##'##


You could see a 12-headed hydra and a centaur warrior.

Vanquished Creatures
  2 centaur warriors (D:8)
  A tengu warrior (D:8)
  An ugly thing (D:8)
  A gargoyle (D:8)
  A shadow (D:6)
  A wyvern (D:8)
  A yak (D:7)
  3 steam dragons
  2 water moccasins
  3 ice beasts
  A black bear (D:5)
  A sky beast (D:8)
  2 ogres
  2 wolves (D:8)
  2 centaurs
  7 kobold brigands
  7 bullfrogs
  3 scorpions
  9 wights
  11 killer bees (D:8)
  2 electric eels (D:8)
  3 howler monkeys
  2 jellies (D:8)
  A gnoll bouda (D:6)
  4 hounds
  An orc priest (D:8)
  3 sleepcaps
  3 iguanas
  3 orc wizards
  7 adders
  9 gnolls
  A river rat (D:4)
  A howler monkey simulacrum (D:8)
  2 white imps (D:8)
  3 ufetubi
  A ribbon worm (D:4)
  4 dart slugs
  15 orcs
  12 ball pythons
  10 endoplasms
  8 giant cockroaches
  5 goblins
  6 hobgoblins
  2 jackals (D:2)
  5 quokkas
  5 bats
  6 frilled lizards
  21 kobolds
  5 rats
211 creatures vanquished.

Vanquished Creatures (others)
  An orc wizard (D:8)
1 creature vanquished.

Grand Total: 212 creatures vanquished

Notes
Turn   | Place    | Note
-------+----------+-------------------------------------------
     0 | D:1      | vnsknbfn the Minotaur Fighter began the quest for the Orb.
     0 | D:1      | Reached XP level 1. HP: 19/19 MP: 0/0
    27 | D:1      | Reached XP level 2. HP: 27/27 MP: 1/1
   126 | D:1      | Reached skill level 1 in Dodging
   601 | D:1      | Reached XP level 3. HP: 31/33 MP: 2/2
  1465 | D:2      | Found a faded altar of an unknown god.
  1827 | D:3      | Reached XP level 4. HP: 40/40 MP: 3/3
  2612 | D:4      | Reached XP level 5. HP: 47/47 MP: 4/4
  2907 | D:4      | Noticed a water moccasin
  2919 | D:4      | Killed a water moccasin
  2920 | D:4      | Reached skill level 5 in Fighting
  2920 | D:4      | Reached skill level 5 in Armour
  2920 | D:4      | Reached XP level 6. HP: 44/56 MP: 5/5
  2958 | D:4      | Reached skill level 5 in Shields
  2979 | D:4      | Found a glowing drain.
  2983 | Sewer    | Entered a sewer
  3165 | Sewer    | Reached XP level 7. HP: 60/61 MP: 6/6
  3634 | D:4      | Identified the +3 whip of Duvyzep {heavy, Will+ Stlth+}
  3708 | D:5      | Entered Level 5 of the Dungeon
  3714 | D:5      | Reached skill level 5 in Axes
  3915 | D:5      | Found a staircase to the Ecumenical Temple.
  3923 | Temple   | Entered the Ecumenical Temple
  4329 | D:6      | Reached XP level 8. HP: 53/70 MP: 7/7
  4584 | D:6      | Reached skill level 5 in Dodging
  5168 | D:7      | Reached XP level 9. HP: 79/79 MP: 8/8
  6466 | D:8      | Reached XP level 10. HP: 67/90 MP: 9/9
  6852 | D:8      | Noticed a centaur warrior
  6866 | D:8      | Killed a centaur warrior
  7012 | D:8      | Noticed a tengu warrior
  7014 | D:8      | Noticed a gargoyle
  7026 | D:8      | Killed a tengu warrior
  7028 | D:8      | Killed a gargoyle
  7202 | D:8      | Got the Almanac of Solvents
  7231 | D:8      | Noticed a green ugly thing
  7231 | D:8      | Noticed a centaur warrior
  7252 | D:8      | Killed a green ugly thing
  7260 | D:8      | Killed a centaur warrior
  7443 | D:8      | Noticed a centaur warrior
  7444 | D:8      | Noticed a six-headed hydra
  7455 | D:8      | Slain by a 12-headed hydra

Illustrated notes

Levels and vault maps discovered:
D:1:      lightli_arrival_quake, layout_basic, minmay_nonomino_d4
D:2:      layout_rooms, ebering_ecumenical_altar_box,
          nicolae_concentric_dashed_squares_wild, nicolae_underground_beach
D:3:      layout_loops_ring
D:4:      layout_basic, gup_sewer_entry_bowl, feat_on_display
D:5:      layout_rooms, minmay_temple_entry_purple_smoke
D:6:      layout_rooms, nicolae_concentric_dashed_squares_mild,
          minmay_chambers_of_fives
D:7:      minmay_skewed_foursquare, layout_loops_ring
D:8:      minmay_tri_box, layout_loops_corners, serial_ice, serial_ice_k,
          serial_ice_e, serial_ice_d, serial_ice_c, minmay_alternating_orb
Temple:   nicolae_temple_the_god_donut

Skill      XL: |  1  2  3  4  5  6  7  8  9 10 |
---------------+-------------------------------+-----
Dodging        | 1 2 3 4 5 6 8 |  8.1
Shields        | 4 5 6 7 8 9 |  9.8
Armour         | 4 5 6 7 8 9 |  9.8
Fighting       | 4 5 6 7 8 9 |  9.8
Axes           | 3 4 5 6 8 9 |  9.4

Action                     |  1- 3 |  4- 6 |  7- 9 | 10-12 || total
---------------------------+-------+-------+-------+-------++-------
  Melee: War axe           |    82 |   135 |   268 |   118 ||   603
         Headbutt          |     5 |    17 |    55 |    23 ||   100
  Evoke: Wand              |       |       |     5 |       ||     5
    Use: Scroll            |     4 |     5 |    10 |       ||    19
         Potion            |       |       |     3 |     4 ||     7
 Armour: Scale mail        |    53 |       |       |       ||    53
         Chain mail        |     8 |   114 |   225 |   124 ||   471
  Dodge: Dodged            |    37 |    62 |   106 |    64 ||   269
         Repelled          |       |       |       |     2 ||     2
  Block: Buckler           |    19 |    53 |   142 |   101 ||   315
         Reflection        |       |       |     2 |     8 ||    10

Table legend: (Time is in decaauts)
 A = Elapsed time spent in this place.
 B = Non-inter-level travel time spent in this place.
 C = Inter-level travel time spent in this place.
 D = Time resting spent in this place.
 E = Time spent auto-exploring this place.
 F = Levels seen in this place.
 G = Mean time per level.
                   A        B        C        D        E       F      G
               +--------+--------+--------+--------+--------+-----+--------+
         Total |   7590 |   7431 |    159 |    169 |   5589 |  10 |  759.0 |
       Dungeon |   7176 |   7017 |    159 |    169 |   5309 |   8 |  897.0 |
        Temple |      1 |      1 |      0 |      0 |      0 |   1 |    1.0 |
         Sewer |    412 |    412 |      0 |      0 |    280 |   1 |  412.0 |
               +--------+--------+--------+--------+--------+-----+--------+

Top non-repeatable levels by time:
     D:8: 1693 daAuts
     D:1: 1286 daAuts
     D:7: 815 daAuts
     D:3: 800 daAuts
     D:4: 764 daAuts
     D:6: 653 daAuts
     D:5: 596 daAuts
     D:2: 566 daAuts
   Sewer: 412 daAuts
  Temple: 1 daAuts
